 Dungeon Crawl Stone Soup version 0.25.0-1-g7eea58d2a3 (webtiles) character file.

Game seed: 8143895336533307425

4912 mopl the Basher (level 10, -3/90 HPs)
             Began as a Minotaur Berserker on June 13, 2020.
             Was an Elder of Trog.
             Slain by an orc warrior
             ... wielding a +0 halberd
              (12 damage)
             ... in a bailey.
             The game lasted 00:11:56 (7918 turns).

mopl the Basher (Minotaur Berserker)                Turns: 7918, Time: 00:11:57

Health: -3/90      AC: 21    Str: 22    XL:     10   Next: 27%
Magic:  12/12      EV:  9    Int:  4    God:    Trog [****..]
Gold:   319        SH:  0    Dex: 13    Spells: 9/9 levels left

rFire    . . .     SeeInvis .   a - +2 flail (drain)
rCold    + . .     Gourm    .   (no shield)
rNeg     . . .     Faith    .   J - +0 plate armour
rPois    .         Spirit   .   (helmet restricted)
rElec    .         Reflect  .   B - +0 cloak
rCorr    .         Harm     .   F - +2 pair of gloves
MR       +....                  (no boots)
Stlth    ..........             (no amulet)
HPRegen  0.25/turn              v - +4 ring of protection
MPRegen  0.13/turn              s - ring of protection from magic

@: berserk cooldown, slowed, very slow
A: retaliatory headbutt, horns 2, cold resistance 1
a: Berserk, Trog's Hand, Brothers in Arms, Renounce Religion


You were in a bailey.
You worshipped Trog.
Trog was greatly pleased with you.
You were not hungry.

You visited 1 branch of the dungeon, and saw 9 of its levels.
You also visited: Bailey.

You collected 319 gold pieces.

Inventory:

Hand Weapons
 a - a +2 flail of draining (weapon)
 A - a +4 quarterstaff of chaos
 C - a +0 long sword of flaming
Missiles
 i - 14 poisoned darts (quivered)
 m - 3 throwing nets
Armour
 p - +0 ice dragon scales
 w - a +0 chain mail
 B - a +0 cloak (worn)
 F - a +2 pair of gloves (worn)
 J - a +0 plate armour (worn)
Jewellery
 o - an uncursed ring of positive energy
 s - a ring of protection from magic (right hand)
 v - a +4 ring of protection (left hand)
Wands
 h - a wand of acid (8)
 t - a wand of paralysis (7)
 E - a wand of flame (13)
Scrolls
 j - a scroll of summoning {unknown}
 k - a scroll of fog {unknown}
 l - 2 scrolls of teleportation
 n - 2 scrolls of fear {unknown}
 q - a scroll of amnesia {unknown}
 u - a scroll of enchant weapon {unknown}
 y - a scroll of magic mapping {unknown}
 D - a scroll of remove curse
 G - a scroll of random uselessness {unknown}
Potions
 b - 2 potions of ambrosia {unknown}
 d - a potion of might
 e - 2 potions of flight
 f - 4 potions of curing
 g - 2 potions of mutation
 r - a potion of haste {unknown}
 x - a potion of heal wounds {unknown}
 z - a potion of brilliance {unknown}
 H - a potion of berserk rage
Comestibles
 c - 16 rations
 I - 2 chunks of flesh


   Skills:
 + Level 8.7 Fighting
 * Level 11.5 Maces & Flails
 + Level 4.1 Throwing
 + Level 7.2 Armour
 + Level 5.1 Dodging
 + Level 4.8 Evocations


You had 9 spell levels left.
You didn't know any spells.
Your spell library was empty.

Dungeon Overview and Level Annotations

Branches:
Dungeon (9/15)             Temple (0/1) D:4            Lair (0/6) D:8
 Bailey (1/1)
    Orc: D:9-12

Altars:
Ashenzari
Cheibriados
Elyvilon
Fedhas
Nemelex Xobeh
Vehumet
Xom

Shops:
D:8 [

Annotations:
D:9 Erica


Innate Abilities, Weirdness & Mutations

You reflexively headbutt those who attack you in melee.
You have a pair of horns on your head.
Your flesh is cold resistant. (rC+)


Message History

You feel nature experimenting on you.
Don't worry, failures die fast.
Nature stops experimenting on you.
You feel resistant to cold.
The orc warrior hits you from afar with a +0 halberd!
* * * LOW HITPOINT WARNING * * *
The orc warrior shoots a bolt.
The bolt hits you.
* * * LOW HITPOINT WARNING * * *
An orc knight comes into view. It is wielding a +0 glaive.
The orc warrior hits you from afar with a +0 halberd!
* * * LOW HITPOINT WARNING * * *
Unknown command.
You feel better.
The orc knight shouts!
The orc knight roars a battlecry!
The orcs go into a battle-frenzy!
The orc warrior completely misses you.
Your ogre goes berserk!
You feel quite a bit more hungry.
The orc knight throws a stone.
The stone hits you but does no damage. The orc completely misses you.
The orc warrior hits you from afar with a +0 halberd!
You die...

##### ##∩## ####
..o..##...##....
.≈≈≈..#...#..≈≈≈
≈≈o≈≈.......≈≈o≈
≈.oo≈.......≈oo
≈≈o≈≈....o..≈≈o
#(oo# #.(O#
##@## ###


You could see an orc knight, 2 orc warriors, an orc (strong) and a friendly ogre
(summoned, berserk).

Vanquished Creatures
  The ghost of Daviar the Ducker, a novice DsGl of Cheibriados (D:7)
  Joseph (D:7)
  Maggie (D:6)
  A troll (D:8)
  A hippogriff (D:7)
  A hungry ghost (D:7)
  A steam dragon (D:9)
  3 orc warriors
  A sky beast (D:7)
  A black bear (D:7)
  3 ice beasts
  5 wolves (D:8)
  4 ogres
  A centaur (D:8)
  A big kobold (D:7)
  A wyvern zombie (D:8)
  3 bullfrogs
  4 scorpions
  5 wights (D:7)
  2 electric eels (D:8)
  2 crimson imps
  Crazy Yiuf (D:5)
  5 hounds
  3 orc priests (D:9)
  A bullfrog skeleton (D:8)
  A centaur skeleton (D:4)
  2 iguanas
  3 orc wizards (D:9)
  5 worker ants
  2 hound skeletons (D:7)
  6 gnolls
  8 adders
  An adder skeleton (D:5)
  A worm (D:3)
  6 dart slugs
  5 leopard geckos
  11 orcs
  12 bats
  A giant cockroach (D:3)
  7 goblins
  8 hobgoblins
  14 jackals
  16 kobolds
  4 quokkas
  3 ball pythons (D:2)
  7 frilled lizards
  A leopard gecko zombie (D:7)
  3 quokka skeletons
  11 rats
191 creatures vanquished.

Notes
Turn   | Place    | Note
-------+----------+-------------------------------------------
     0 | D:1      | mopl the Minotaur Berserker began the quest for the Orb.
     0 | D:1      | Reached XP level 1. HP: 19/19 MP: 0/0
    35 | D:1      | Reached skill level 4 in Maces & Flails
   225 | D:1      | Reached XP level 2. HP: 27/27 MP: 1/1
   552 | D:1      | Reached XP level 3. HP: 33/33 MP: 2/2
  1034 | D:2      | Reached ** piety under Trog
  1112 | D:2      | Reached skill level 5 in Maces & Flails
  1219 | D:2      | Found a shimmering altar of Xom.
  1343 | D:2      | Reached XP level 4. HP: 41/41 MP: 3/3
  1719 | D:3      | Found a faded altar of an unknown god.
  2334 | D:3      | Reached skill level 6 in Maces & Flails
  2394 | D:3      | Reached XP level 5. HP: 47/47 MP: 4/4
  2530 | D:3      | Reached skill level 5 in Fighting
  2978 | D:4      | Reached XP level 6. HP: 56/56 MP: 5/5
  3077 | D:4      | Reached skill level 7 in Maces & Flails
  3256 | D:4      | Found a staircase to the Ecumenical Temple.
  3323 | D:4      | Found a sparkling altar of Nemelex Xobeh.
  3325 | D:4      | Found a snail-covered altar of Cheibriados.
  3481 | D:5      | Entered Level 5 of the Dungeon
  3544 | D:5      | Reached *** piety under Trog
  3679 | D:5      | Found a runed translucent door.
  3680 | D:5      | Noticed Crazy Yiuf
  3688 | D:5      | Killed Crazy Yiuf
  4424 | D:6      | Reached skill level 1 in Evocations
  4424 | D:6      | Reached XP level 7. HP: 63/63 MP: 6/6
  4564 | D:6      | Found a radiant altar of Vehumet.
  4580 | D:6      | Found a shattered altar of Ashenzari.
  4587 | D:6      | Reached skill level 8 in Maces & Flails
  4854 | D:6      | Found a blossoming altar of Fedhas.
  4942 | D:6      | Noticed Maggie
  4956 | D:6      | Killed Maggie
  4956 | D:6      | Reached XP level 8. HP: 59/71 MP: 8/8
  5084 | D:6      | Found a white marble altar of Elyvilon.
  5399 | D:7      | Reached skill level 9 in Maces & Flails
  5524 | D:7      | Reached skill level 5 in Armour
  5828 | D:7      | Reached skill level 1 in Throwing
  5974 | D:7      | Reached **** piety under Trog
  6140 | D:7      | Reached skill level 10 in Maces & Flails
  6169 | D:7      | Found a runed translucent door.
  6170 | D:7      | Noticed Daviar's ghost (novice DsGl)
  6181 | D:7      | Killed Daviar's ghost
  6181 | D:7      | Reached XP level 9. HP: 80/80 MP: 10/10
  6379 | D:7      | Noticed Joseph
  6389 | D:7      | Killed Joseph
  6603 | D:8      | Reached skill level 11 in Maces & Flails
  6788 | D:8      | Found a staircase to the Lair.
  6788 | D:8      | Noticed a troll
  6805 | D:8      | Killed a troll
  6934 | D:8      | Reached XP level 10. HP: 70/90 MP: 12/12
  7296 | D:8      | Found Loschan's Antique Armour Shop.
  7770 | D:9      | Found a flagged portal.
  7783 | D:9      | Reached skill level 5 in Dodging
  7783 | D:9      | Noticed Erica
  7882 | Bailey   | Entered a bailey
  7882 | Bailey   | Noticed an orc knight
  7890 | Bailey   | Noticed an orc knight
  7916 | Bailey   | Gained mutation: You evolve. [potion of mutation]
  7916 | Bailey   | Lost mutation: You evolve. [potion of mutation]
  7916 | Bailey   | Gained mutation: Your flesh is cold resistant. (rC+)
                  | [potion of mutation]
  7916 | Bailey   | Noticed an orc knight
  7916 | Bailey   | HP: 3/90 [orc warrior/+0 halberd (7)]
  7918 | Bailey   | Slain by an orc warrior

Illustrated notes

Levels and vault maps discovered:
D:1:      lordsloth_arrival_two_stooges, layout_loops_corners
D:2:      layout_basic, overflow_temple_1_default, first_ration,
          hangedman_decor_growths
D:3:      layout_loops_ring, chequers_ecumenical_altar_simple_redux
D:4:      layout_rooms, nicolae_overflow_hidden_temple,
          minmay_temple_entry_grid, hex_large, minmay_misc_feat_four_crosses
D:5:      layout_layer_cave, uniq_crazy_yiuf_cottage
D:6:      layout_basic, kennysheep_mini_moat, lemuel_crystal_altar,
          evilmike_ruin_ashenzari, kennysheep_mini, corexii_checkpoint_b,
          uniq_maggie
D:7:      layout_basic, hellmonk_ghost_happy_afterlife, uniq_joseph
D:8:      layout_rooms, erik_lair_island, serial_shops, shop,
          serial_co_window_serial, co_window_corner_a, co_window_paths_b,
          co_window_paths_a, co_window_paths_b, co_window_paths_a,
          co_window_paths_a, co_window_paths_a, co_window_of_opportunity_a,
          co_window_paths_b, co_window_2corner, co_window_2corner,
          co_window_2corner, glass_columns_c, glass_columns_b, grunt_ogre_cave
D:9:      layout_loops_cross, lemuel_round_altar, led_sif_pool, enter_bailey_2,
          vehumet_altar_wand_db, uniq_erica
Bailey:   bailey_polearm_4, bailey

Skill      XL: |  1  2  3  4  5  6  7  8  9 10 |
---------------+-------------------------------+-----
Maces & Flails | 4 5 6 7 8 10 11 | 11.5
Fighting       | 4 5 6 7 8 |  8.7
Armour         | 3 4 6 7 |  7.2
Evocations     | 1 2 3 4 |  4.8
Throwing       | 2 3 4 |  4.1
Dodging        | 3 4 5 |  5.1

Action                   |  1- 3 |  4- 6 |  7- 9 | 10-12 || total
-------------------------+-------+-------+-------+-------++-------
Melee: Mace              |    91 |    93 |       |       ||   184
       Headbutt          |    12 |    23 |    41 |    14 ||    90
       Flail             |       |    18 |   188 |    66 ||   272
Throw: Dart              |       |     1 |    17 |    10 ||    28
Invok: Berserk           |     1 |     5 |     4 |     2 ||    12
       Brothers in Arms  |       |       |       |     1 ||     1
Evoke: Wand              |       |       |     3 |       ||     3
  Use: Scroll            |       |     5 |     2 |       ||     7
       Potion            |       |       |       |     2 ||     2
 Stab: Sleeping          |       |     1 |       |       ||     1
       Paralysed         |       |       |     5 |       ||     5
  Eat: Chunk             |     1 |    14 |    11 |     6 ||    32
       Ration            |       |       |     1 |       ||     1
Armor: Animal skin       |    22 |    15 |       |       ||    37
       Chain mail        |       |       |   103 |    31 ||   134
       Plate armour      |       |       |       |     3 ||     3
Dodge: Dodged            |    71 |    72 |    82 |    31 ||   256
